 Dungeon Crawl Stone Soup version 0.27-a0-67-g4bfc8a49e1 (webtiles) character file.

Game seed: 13436547529823638568

83470 Borgoz the Grappler (level 15, -8/137 HPs)
             Began as a Ghoul Gladiator on Jan 9, 2021.
             Was an Elder of Makhleb.
             Splashed by an acid blob's acid (13 damage)
             ... on level 5 of the Lair of Beasts.
             The game lasted 00:42:13 (23093 turns).

Borgoz the Grappler (Ghoul Gladiator)              Turns: 23093, Time: 00:42:14

Health: -8/137     AC: 10    Str: 26    XL:     15   Next: 77%
Magic:  19/19      EV: 18    Int:  4    God:    Makhleb [****..]
Gold:   2089       SH:  6    Dex: 22    Spells: 16/21 levels left

rFire    . . .     SeeInvis .     - Unarmed
rCold    + . .     Faith    .   l - +0 buckler
rNeg     + + +     Spirit   .   k - +8 chain mail "Othroig" {+Fly Will+ Dex+2 Stlth+}
rPois    ∞         Reflect  .   b - +0 helmet
rElec    .         Harm     .   w - +1 cloak
rCorr    .         Rampage  .   (no gloves)
Will     ++...                  C - +1 pair of boots
Stlth    +.........             (no amulet)
HPRegen  0.00/turn              q - +6 ring of strength
MPRegen  0.16/turn              H - +6 ring of dexterity

@: about to teleport, corroded
A: claws 1, cold resistance 1, negative energy resistance 3, inhibited
regeneration, torment resistance, unbreathing
a: Renounce Religion, Evoke Flight, Minor Destruction, Lesser Servant of
Makhleb, Major Destruction


You were on level 5 of the Lair of Beasts.
You worshipped Makhleb.
Makhleb was greatly pleased with you.
You visited 3 branches of the dungeon, and saw 21 of its levels.
You also visited: Trove and Bailey.

You collected 2089 gold pieces.

Inventory:

Armour
 b - a +0 helmet (worn)
 k - the +8 chain mail "Othroig" (worn) {+Fly Will+ Dex+2 Stlth+}
   (You found it on level 13 of the Dungeon)

   It affects your dexterity (+2).
   It affects your willpower, your defense against some magical effects.
   It lets you fly.
   It makes you more stealthy.
 l - a +0 buckler (worn)
 w - a +1 cloak (worn)
 C - a +1 pair of boots (worn)
Jewellery
 q - a +6 ring of strength (left claw)
 y - an uncursed ring of protection from fire
 A - the ring "Laheoh" {rPois Str+6 Int-5 Slay+5 Stlth+}
   (You found it in a bailey)

   [ring of strength]

   It affects your strength (+6).
   It affects your intelligence (-5).
   It affects your accuracy and damage with ranged weapons and melee attacks
   (+5).
   It protects you from poison.
   It makes you more stealthy.
 H - a +6 ring of dexterity (right claw)
 M - an uncursed ring of protection from cold
Wands
 a - a wand of enslavement (2)
 d - a wand of iceblast (4)
 g - a wand of flame (15)
 x - a wand of paralysis (40)
 E - a wand of digging (7)
 N - a wand of acid (8)
 P - a wand of disintegration (18)
Scrolls
 e - 15 scrolls of remove curse
 h - 6 scrolls of fear
 i - a scroll of enchant armour
 m - a scroll of identify
 n - a scroll of brand weapon {unknown}
 t - 3 scrolls of teleportation
 v - 2 scrolls of fog
 F - 2 scrolls of blinking
 L - a scroll of summoning
Potions
 c - a potion of heal wounds
 f - 6 potions of flight
 j - 3 potions of might
 o - 2 potions of cancellation
 r - 2 potions of invisibility
 s - 6 potions of curing


   Skills:
 + Level 13.7 Fighting
 - Level 1.7 Throwing
 + Level 11.6 Armour
 + Level 12.0 Dodging
 - Level 5.0 Stealth
 + Level 4.1 Shields
 + Level 14.0 Unarmed Combat
 + Level 3.8 Spellcasting
 + Level 1.5 Hexes
 + Level 1.6 Translocations
 - Level 5.0 Invocations
 - Level 5.0 Evocations


You had 16 spell levels left.
You knew the following spells:

 Your Spells              Type           Power        Failure   Level
a - Blink                 Tloc           N/A          78%         2
b - Confusing Touch       Hex            2%           95%         3

Your spell library contained the following spells:

 Spells                   Type           Power        Failure   Level
 Apportation              Tloc           4%           65%         1
 Corona                   Hex            2%           65%         1
 Slow                     Hex            2%           80%         2
 Animate Skeleton         Necr           0%           86%         1
 Magic Dart               Conj           0%           86%         1
 Summon Small Mammal      Summ           0%           86%         1
 Call Imp                 Summ           0%           95%         2
 Gell's Gravitas          Tloc           1%           95%         3
 Summon Guardian Golem    Hex/Summ       1%           98%         3
 Call Canine Familiar     Summ           0%           99%         3
 Conjure Flame            Conj/Fire      0%           99%         3
 Mephitic Cloud           Conj/Pois/Air  0%           99%         3
 Petrify                  Tmut/Erth      0%           100%        4
 Summon Ice Beast         Ice/Summ       0%           100%        4
 Summon Lightning Spire   Summ/Air       0%           100%        4
 Bolt of Magma            Conj/Fire/Erth 0%           100%        5
 Iskenderun's Battlesphe  Conj           0%           100%        5
 Metabolic Englaciation   Hex/Ice        0%           100%        5
 Yara's Violent Unravell  Hex/Tmut       0%           100%        5
 Freezing Cloud           Conj/Ice/Air   0%           100%        6
 Iron Shot                Conj/Erth      0%           100%        6
 Ozocubu's Refrigeration  Ice            0%           100%        6
 Simulacrum               Ice/Necr       0%           100%        6
 Orb of Destruction       Conj           0%           100%        7
 Spellforged Servitor     Conj/Summ      0%           100%        7
 Ice Form                 Ice/Tmut       Unusable     N/A         4

Dungeon Overview and Level Annotations

Branches:
Dungeon (15/15)            Temple (1/1) D:7            Lair (5/6) D:10
  Swamp (0/4) Lair:3        Snake (0/4) Lair:3        Slime (0/5) Lair:5
    Orc (0/2) D:9          Vaults (0/5) D:14         Depths (0/5) D:15
 Bailey (visited)

Altars:
Ashenzari
Cheibriados
Dithmenos
Elyvilon
Fedhas
Gozag
Hepliaklqana
Kikubaaqudgha
Makhleb
Nemelex Xobeh
Okawaru
Qazlal
Ru
Sif Muna
Trog
Uskayaw
Vehumet
Wu Jian
Xom
Yredelemnul
Zin
The Shining One
Jiyva

Annotations:
Lair:2 exclusion: oklob plant


Innate Abilities, Weirdness & Mutations

You thrive by killing the living.
You are immune to poison.
You have sharp fingernails.
Your flesh is cold resistant. (rC+)
You are immune to negative energy. (rN+++)
You do not regenerate when monsters are visible.
You are immune to unholy pain and torment.
You can survive without breathing.


Message History

Your surroundings suddenly seem different.
As you read the scroll of fog, it crumbles to dust.
The scroll dissolves into smoke.
As you read the scroll of teleportation, it crumbles to dust.
You feel strangely unstable. The acid blob completely misses you.
The acid blob spits acid at you. The splash of acid hits you.
* * * LOW HITPOINT WARNING * * *
You are splashed with acid!
* * * LOW HITPOINT WARNING * * *
The acid blob hits you but does no damage.
The acid blob spits acid at you.
The splash of acid hits you but does no damage.
You are splashed with acid!
* * * LOW HITPOINT WARNING * * *
The acid blob spits acid at you. The splash of acid hits you!
* * * LOW HITPOINT WARNING * * *
The acid corrodes you!
You are splashed with acid!
You die...

.....................#
P..P.................#
#........#####P#..###
##......###PP###..#.#
##.....##......P...##
#.................P.#
..#P.....###..#.....P#
##.§.§.#.P.........#
#####§@§...........##
#.§J#§§§..........#.# .
#>§§JJ§§.)........### ...
#.§§#.§............#
....#####.............##
......................##
..
..............##.#.#...##
...#
..##.#.......#.##.......#
....
##.#.......#...##...##


You could see 2 acid blobs and a slime creature.

Vanquished Creatures
  Rupert (D:14)
  An ironheart preserver (D:14)
  The ghost of Borgoz the Carver, a journeyman HaFi of Ashenzari (Lair:2)
  2 entropy weavers (Lair:4)
  Erolcha (D:12)
  4 ghost crabs (Lair:4)
  4 hydras
  3 boulder beetles
  18 two-headed ogres
  2 catoblepae (Lair:2)
  A death knight (D:13)
  3 tengu warriors (D:15)
  2 centaur warriors
  3 ogre magi (D:15)
  A fire crab (shapeshifter) (D:14)
  4 fire crabs (Lair:4)
  4 unseen horrors
  An orc knight (Bailey)
  A lindwurm (Lair:4)
  3 deep elf magi (D:15)
  Pikel (D:9)
  An oklob plant (Lair:3)
  An orc sorcerer (D:15)
  8 ugly things
  A wolf spider (D:15)
  6 slime creatures
  A salamander (Lair:1)
  2 manticores
  8 cyclopes
  A guardian serpent (D:15)
  5 cane toads
  3 gargoyles
  An apocalypse crab (Lair:4)
  4 black mambas
  4 rime drakes
  4 centaur skeletons
  A kobold demonologist (D:14)
  A freezing wraith (D:14)
  5 komodo dragons
  A yaktaur (D:13)
  2 tengu conjurers (D:15)
  3 polar bears (Lair:3)
  A meliai (D:14)
  A polar bear (shapeshifter) (D:15)
  5 trolls
  A tyrant leech (Lair:3)
  2 hornets
  12 blink frogs
  A meliai zombie (D:12)
  4 shadows
  20 yaks
  8 wyverns
  A fire elemental (Lair:1)
  6 basilisks
  A basilisk (shapeshifter) (D:13)
  7 vampire mosquitoes
  Menkaure (D:7)
  2 swamp worms (Lair:3)
  11 water moccasins
  An acid dragon (D:11)
  Duvessa (D:7)
  11 orc warriors
  3 sky beasts
  4 ice beasts
  2 eyes of draining
  5 black bears
  7 wolves
  A phantom (D:10)
  4 necrophages
  12 ogres
  16 centaurs
  Blork the orc (D:5)
  3 big kobolds
  3 wyvern zombies
  28 bullfrogs
  A water moccasin zombie (D:9)
  A gnoll sergeant (D:10)
  Dowan (D:7)
  3 scorpions
  A wyvern skeleton (D:9)
  A killer bee (D:10)
  5 wights
  An electric eel (Lair:1)
  7 howler monkeys
  3 bullfrog zombies
  7 hounds
  4 centaur zombies
  Crazy Yiuf (D:5)
  4 orc priests
  11 jellies
  3 bullfrog skeletons
  A gnoll shaman (D:6)
  9 iguanas
  8 orc wizards
  8 worker ants
  A hound skeleton (D:7)
  A mummy (D:12)
  A howler monkey zombie (D:8)
  2 howler monkey skeletons
  14 gnolls
  21 adders
  7 white imps
  4 ufetubi
  14 oozes
  An adder skeleton (D:9)
  2 worms
  2 leopard geckos
  54 orcs
  4 ball pythons
  5 giant cockroaches
  14 goblins
  12 hobgoblins
  12 jackals
  31 kobolds
  3 quokkas
  10 bats
  2 frilled lizards (D:1)
  A quokka skeleton (D:5)
  10 rats
618 creatures vanquished.

Vanquished Creatures (others)
  A yak (Lair:1)
  A scorpion (D:4)
  An adder (D:4)
  A dart slug (D:4)
  A ball python (D:4)
  A jackal (D:4)
  A quokka (D:4)
  2 kobolds (Bailey)
  11 fungi
  46 plants
  15 toadstools (Lair:2)
  A withered plant (D:12)
82 creatures vanquished.

Grand Total: 700 creatures vanquished

Notes
Turn   | Place    | Note
-------+----------+-------------------------------------------
     0 | D:1      | Borgoz the Ghoul Gladiator began the quest for the Orb.
     0 | D:1      | Reached XP level 1. HP: 17/17 MP: 0/0
    59 | D:1      | Reached XP level 2. HP: 25/25 MP: 1/1
   350 | D:1      | Reached XP level 3. HP: 24/30 MP: 2/2
   415 | D:1      | Reached skill level 1 in Armour
   873 | D:2      | Found a snail-covered altar of Cheibriados.
   876 | D:2      | Found an ornate altar of the Wu Jian Council.
   894 | D:2      | Found a burning altar of Makhleb.
   913 | D:2      | Reached XP level 4. HP: 8/37 MP: 3/3
   931 | D:2      | Reached skill level 4 in Unarmed Combat
   940 | D:2      | Became a worshipper of Makhleb the Destroyer
  1817 | D:3      | Reached XP level 5. HP: 42/45 MP: 4/4
  1940 | D:3      | Found a hide-covered altar of Uskayaw.
  2114 | D:3      | Reached * piety under Makhleb
  2238 | D:3      | Found a shadowy altar of Dithmenos.
  2534 | D:4      | Reached XP level 6. HP: 52/52 MP: 5/5
  2963 | D:4      | Found a shimmering altar of Xom.
  2981 | D:4      | Reached skill level 5 in Unarmed Combat
  3234 | D:5      | Entered Level 5 of the Dungeon
  3267 | D:5      | Found a runed translucent door.
  3268 | D:5      | Noticed Crazy Yiuf
  3278 | D:5      | Killed Crazy Yiuf
  3348 | D:5      | Reached XP level 7. HP: 60/60 MP: 6/6
  3676 | D:5      | Found a sparkling altar of Nemelex Xobeh.
  3806 | D:5      | Reached ** piety under Makhleb
  3882 | D:5      | Found an opulent altar of Gozag.
  3883 | D:5      | Noticed Blork the orc
  3892 | D:5      | Killed Blork the orc
  3962 | D:5      | Found a stormy altar of Qazlal.
  4072 | D:5      | Found a glowing silver altar of Zin.
  4181 | D:6      | Found an iron altar of Okawaru.
  4225 | D:6      | Reached skill level 5 in Fighting
  4571 | D:6      | Found a shimmering blue altar of Sif Muna.
  4682 | D:6      | Reached XP level 8. HP: 61/68 MP: 7/7
  4963 | D:7      | Noticed Duvessa
  4968 | D:7      | Noticed Dowan
  4976 | D:7      | Killed Duvessa
  4977 | D:7      | Reached skill level 6 in Unarmed Combat
  4990 | D:7      | Noticed Menkaure
  5003 | D:7      | Reached skill level 5 in Dodging
  5004 | D:7      | Killed Dowan
  5014 | D:7      | Killed Menkaure
  5201 | D:7      | Found a staircase to the Ecumenical Temple.
  5241 | D:7      | Reached *** piety under Makhleb
  5251 | Temple   | Entered the Ecumenical Temple
  5959 | D:7      | Reached XP level 9. HP: 76/78 MP: 8/8
  5967 | D:7      | Reached skill level 7 in Unarmed Combat
  5995 | D:7      | Reached skill level 5 in Armour
  7062 | D:9      | Noticed a troll
  7107 | D:9      | Killed a troll
  7108 | D:9      | Reached skill level 8 in Unarmed Combat
  7301 | D:9      | Reached XP level 10. HP: 47/88 MP: 9/9
  7310 | D:9      | Noticed Pikel
  7342 | D:9      | Killed Pikel
  7352 | D:9      | Reached **** piety under Makhleb
  7554 | D:9      | Found a snail-covered altar of Cheibriados.
  7689 | D:9      | Noticed a two-headed ogre
  7722 | D:9      | Killed a two-headed ogre
  7723 | D:9      | Reached skill level 9 in Unarmed Combat
  7917 | D:9      | Found Neshug's Gadget Boutique.
  8408 | D:9      | Found a staircase to the Orcish Mines.
  8573 | D:10     | Entered Level 10 of the Dungeon
  8616 | D:10     | Noticed a gargoyle
  8627 | D:10     | Killed a gargoyle
  8842 | D:10     | Reached XP level 11. HP: 97/97 MP: 10/10
  9283 | D:10     | Noticed a two-headed ogre
  9302 | D:10     | Killed a two-headed ogre
  9302 | D:10     | Reached ***** piety under Makhleb
  9303 | D:10     | Reached skill level 10 in Unarmed Combat
  9591 | D:10     | Found a staircase to the Lair.
  9627 | D:10     | Got a glimmering falchion
  9637 | D:10     | Learned a level 2 spell: Blink
  9761 | D:10     | Reached skill level 10 in Fighting
 10005 | D:11     | Found Gieriyle's Assorted Antiques.
 10632 | D:11     | Noticed a two-headed ogre
 10640 | D:11     | Killed a two-headed ogre
 10719 | D:11     | Noticed a two-headed ogre
 10732 | D:11     | Killed a two-headed ogre
 11137 | D:11     | Reached XP level 12. HP: 108/108 MP: 1/11
 11375 | D:12     | Reached skill level 11 in Unarmed Combat
 11401 | D:12     | Found a portal to a secret trove of treasure.
 11442 | D:12     | Found a flagged portal.
 11448 | Bailey   | Entered a bailey
 11767 | Bailey   | Got a shimmering lead ring
 11793 | Bailey   | Lost intelligence.
 11793 | Bailey   | Identified the ring "Laheoh" {rPois Str+6 Int-5 Slay+5
                  | Stlth+} (You found it in a bailey)
 11802 | Bailey   | Identified the +1 falchion "Aduskih" {freeze, rC++ Will+
                  | Dex+5} (You found it on level 10 of the Dungeon)
 11856 | Trove    | Entered a treasure trove
 11873 | Trove    | Got a masterwork rapier
 11874 | Trove    | Identified the +4 rapier of the End {venom, rF+} (You found
                  | it in a treasure trove)
 11885 | Trove    | Found the +8 longbow "Zephyr" {speed, Dex+3 SInv}
 11895 | Trove    | Got an ivory dire flail
 11896 | Trove    | Identified the +2 dire flail "Amiphif" {venom, *Corrode
                  | +Blink rF+ rN+} (You found it in a treasure trove)
 11997 | D:12     | Noticed Erolcha
 12004 | D:12     | Killed Erolcha
 12154 | D:12     | Noticed a five-headed hydra
 12162 | D:12     | Killed a five-headed hydra
 12163 | D:12     | Reached skill level 1 in Stealth
 12236 | D:12     | Reached skill level 1 in Evocations
 12844 | D:13     | Noticed a death knight
 12856 | D:13     | Killed a death knight
 13180 | D:13     | Noticed a boulder beetle
 13209 | D:13     | Killed a boulder beetle
 13406 | D:13     | Noticed a centaur warrior
 13411 | D:13     | Killed a centaur warrior
 13412 | D:13     | Reached skill level 10 in Dodging
 13681 | D:13     | Got a dazzling chain mail
 13692 | D:13     | Identified the +8 chain mail "Othroig" {+Fly Will+ Dex+2
                  | Stlth+} (You found it on level 13 of the Dungeon)
 13929 | D:13     | Reached XP level 13. HP: 116/116 MP: 12/12
 14114 | D:13     | Reached skill level 12 in Unarmed Combat
 14317 | D:14     | Noticed an ironheart preserver
 14318 | D:14     | Found a gate to the Vaults.
 14335 | D:14     | Killed an ironheart preserver
 14502 | D:14     | Reached skill level 5 in Stealth
 14505 | D:14     | Reached skill level 10 in Armour
 15126 | D:14     | Noticed Rupert
 15176 | D:14     | Killed Rupert
 15569 | D:14     | Reached skill level 5 in Evocations
 15579 | D:14     | Reached XP level 14. HP: 127/127 MP: 13/13
 15771 | D:15     | Entered Level 15 of the Dungeon
 15926 | D:15     | Reached skill level 13 in Unarmed Combat
 16482 | D:15     | Reached skill level 1 in Invocations
 16491 | D:15     | Reached skill level 1 in Shields
 16491 | D:15     | Reached skill level 1 in Spellcasting
 16729 | D:15     | Found a staircase to the Depths.
 17795 | Lair:1   | Entered Level 1 of the Lair of Beasts
 18010 | Lair:1   | Found a hide-covered altar of Uskayaw.
 18633 | Lair:2   | Reached XP level 15. HP: 136/136 MP: 17/17
 18641 | Lair:2   | Found a runed translucent gate.
 18641 | Lair:2   | Found a runed translucent gate.
 18641 | Lair:2   | Found a runed translucent gate.
 18642 | Lair:2   | Noticed Borgoz's ghost (journeyman HaFi)
 19102 | Lair:2   | Found a blossoming altar of Fedhas.
 19898 | Lair:2   | Killed Borgoz's ghost
 20257 | Lair:3   | Found a staircase to the Snake Pit.
 20342 | Lair:3   | Found a staircase to the Swamp.
 21196 | Lair:4   | Got a faintly humming chain mail
 21236 | Lair:4   | Identified the cursed +0 chain mail of Fanaticism {rPois
                  | rC+ Int-3} (You found it on level 4 of the Lair of Beasts)
 21422 | Lair:4   | Learned a level 3 spell: Confusing Touch
 21646 | Lair:4   | Found a runed translucent door.
 22249 | Lair:4   | Reached skill level 1 in Translocations
 22453 | Lair:4   | Reached skill level 1 in Hexes
 22464 | Lair:4   | Reached skill level 14 in Unarmed Combat
 22483 | Lair:4   | Reached skill level 5 in Invocations
 23065 | Lair:5   | Found a runed translucent door.
 23067 | Lair:5   | Found a viscous altar of Jiyva.
 23067 | Lair:5   | Noticed an acid blob
 23069 | Lair:5   | Found a staircase to the Slime Pits.
 23069 | Lair:5   | Noticed an acid blob
 23093 | Lair:5   | HP: 5/137 [acid blob/splash of acid (11)]
 23093 | Lair:5   | Splashed by an acid blob's acid

Illustrated notes

Levels and vault maps discovered:
D:1:      minmay_arrival_up_and_down, layout_loops_ring, minmay_tetromino_t2
D:2:      layout_loops_ring, cheibriados_altar_1, overflow_temple_1_default,
          overflow_temple_1_default
D:3:      layout_loops_corners, lemuel_crystal_altar, old_standard_altar
D:4:      layout_gridville, xom_confusion_cloud
D:5:      layout_basic, pdpol_temple_overflow_zin_treasury_gozag_greed,
          lemuel_crystal_altar, marbit_many_paths, minmay_misc_feat_rows,
          uniq_crazy_yiuf_cottage, uniq_blork_the_orc
D:6:      cheibrodos_quashed, layout_basic, led_sif_pool,
          okawaru_ov_weapons_minmay
D:7:      layout_loops_ring, minmay_temple_entry_sparse_star, uniq_menkaure,
          uniq_duvessa
D:8:      layout_cave_pools
D:9:      layout_basic, david_orc_4, serial_shops, nicolae_shop_stone,
          minivault_24, minmay_liquid_box, minmay_ruined_shrine, uniq_pikel
D:10:     layout_basic, minmay_lair_entry_grove, kennysheep_kite_vault
D:11:     layout_gridville, serial_shops, shop
D:12:     layout_irregular_city, enter_bailey_3, enter_trove_3, serial_undead,
          serial_undead_e, serial_undead_b, serial_undead_d, serial_undead_f,
          uniq_erolcha
D:13:     layout_basic
D:14:     minmay_bloctagon_deflated, layout_loops_ring,
          skrybe_vaults_entry_preservation, nrook_campfire,
          minmay_increasing_density, uniq_rupert
D:15:     grunt_enter_depths_magical_seal, layout_cave_pods, patterned_corridor,
          nrook_guardian_serpent_double
Temple:   jpeg_temple_alley_garden
Lair:1:   layout_gridlike, basic_altar, bh_autumn_forest_stairs
Lair:2:   layout_regular_city, gammafunk_ghost_hydra_chop,
          chequers_serial_rivers_large_b, tgw_fedhas,
          infiniplex_staircase_pool_2
Lair:3:   lemuel_slime, layout_cave_shapes, minmay_swamp_entry_worms,
          minmay_snake_entry_six_corridors
Lair:4:   gammafunk_mikee_crab_dinner, layout_loops_ring, serial_rivers,
          chequers_serial_rivers_large_a, chequers_serial_rivers_small_3,
          chequers_serial_rivers_micro_e, chequers_serial_rivers_micro_e,
          beast_lair_carwin_4
Lair:5:   layout_regular_city, slime_altar_2, grunt_forest_small_clearing_treed,
          serial_bayou_shore_b

Skill      XL: |  1  2  3  4  5  6  7  8  9 10 11 12 13 14 15 |
---------------+----------------------------------------------+-----
Dodging        | 3 4 5 6 8 9 10 11 12 | 12.0
Armour         | 1 2 3 4 6 7 8 9 10 11 | 11.6
Fighting       | 3 4 5 6 7 9 10 11 12 13 | 13.7
Unarmed Combat | 4 5 6 8 9 10 11 12 13 14 | 14.0
Stealth        | 3 5 |  5.0
Evocations     | 2 5 |  5.0
Invocations    | 3 5 |  5.0
Shields        | 2 4 |  4.1
Spellcasting   | 2 3 |  3.8
Translocations | 1 |  1.6
Hexes          | 1 |  1.5
Throwing       | |  1.7

Action                   |  1- 3 |  4- 6 |  7- 9 | 10-12 | 13-15 || total
-------------------------+-------+-------+-------+-------+-------++-------
Melee: Unarmed           |   108 |   205 |   448 |   812 |  1104 ||  2677
       Punch             |       |     3 |    20 |    54 |    46 ||   123
Throw: Throwing net      |       |     1 |     3 |     2 |     1 ||     7
 Abil: Evoke Flight      |       |       |       |     3 |       ||     3
Evoke: Wand              |       |       |       |     5 |     4 ||     9
  Use: Scroll            |       |     3 |     3 |    12 |    18 ||    36
       Potion            |       |       |     6 |       |     5 ||    11
 Stab: Held in net/web   |       |     1 |     1 |     1 |       ||     3
       Sleeping          |       |       |     1 |       |     2 ||     3
       Invisible         |       |       |     1 |       |       ||     1
       Distracted        |       |       |       |       |     1 ||     1
Armor: Leather armour    |    56 |    62 |   172 |   277 |       ||   567
       Chain mail        |       |       |       |    96 |   539 ||   635
Dodge: Dodged            |    87 |   145 |   473 |   891 |   917 ||  2513
Block: Buckler           |       |       |       |       |   227 ||   227

Table legend: (Time is in decaauts)
 A = Elapsed time spent in this place.
 B = Non-inter-level travel time spent in this place.
 C = Inter-level travel time spent in this place.
 D = Time resting spent in this place.
 E = Time spent auto-exploring this place.
 F = Levels seen in this place.
 G = Mean time per level.
                   A        B        C        D        E       F      G
               +--------+--------+--------+--------+--------+-----+--------+
         Total |  22675 |  21606 |   1069 |   4756 |  11711 |  23 |  985.9 |
       Dungeon |  16790 |  16150 |    640 |   3904 |   8392 |  15 | 1119.3 |
        Temple |    220 |    183 |     37 |      0 |    180 |   1 |  220.0 |
          Lair |   5207 |   4815 |    392 |    852 |   3105 |   5 | 1041.4 |
         Trove |     82 |     82 |      0 |      0 |     32 |   1 |   82.0 |
        Bailey |    373 |    373 |      0 |      0 |      2 |   1 |  373.0 |
               +--------+--------+--------+--------+--------+-----+--------+

Top non-repeatable levels by time:
    D:14: 1728 daAuts
    D:15: 1601 daAuts
  Lair:4: 1588 daAuts
    D:13: 1535 daAuts
  Lair:2: 1438 daAuts
    D:10: 1400 daAuts
     D:7: 1314 daAuts
    D:11: 1273 daAuts
     D:9: 1227 daAuts
  Lair:3: 1004 daAuts
    D:12: 997 daAuts
  Lair:1: 888 daAuts
     D:4: 878 daAuts
     D:2: 875 daAuts
     D:1: 863 daAuts
